 Dungeon Crawl Stone Soup version 0.29-a0-322-g68df515428 (webtiles) character file.

Game seed: 4754423082115974503

109929 Leszczynek the Severer (level 16, -5/143 HPs)
             Began as a Human Gladiator on Apr 9, 2022.
             Was a High Priest of Okawaru.
             Slain by a spark wasp (12 damage)
             ... on level 1 of the Spider Nest.
             The game lasted 01:31:39 (11835 turns).

Leszczynek the Severer (Human Gladiator)           Turns: 11835, Time: 01:31:40

Health: -5/143     AC: 27    Str: 27    XL:     16   Next: 68%
Magic:  18/23      EV: 19    Int:  9    God:    Okawaru [*****.]
Gold:   298        SH:  0    Dex: 19    Spells: 12/15 levels left

rFire   . . .      SeeInvis +   x - +9 battleaxe "Inobroor" {drain, SInv}
rCold   + . .      Faith    .   (shield currently unavailable)
rNeg    . . .      Spirit   .   v - +2 plate armour {rPois}
rPois   +          Reflect  .   F - +2 helmet
rElec   .          Harm     .   s - +0 cloak "Xasesueleusk" {god gift, rC+ Str+7 Dex-4}
rCorr   .          Rampage  .   d - +2 pair of gloves
Will    +....                   (no boots)
Stlth   ..........              h - amulet of the acrobat
HPRegen 1.13/turn               U - +4 ring of evasion
MPRegen 0.18/turn               u - +6 ring of dexterity

@: heroic, finesse-ful, hasted, very quick
A: deterioration 1, regeneration 1, robust 1
}: 1/15 runes: gossamer
a: Renounce Religion, Heroism, Finesse, Duel


You were on level 1 of the Spider Nest.
You worshipped Okawaru.
Okawaru was extremely pleased with you.
You visited 5 branches of the dungeon, and saw 23 of its levels.
You also visited: Sewer and Ice Cave.

You collected 1460 gold pieces.
You spent 1162 gold pieces at shops.

Inventory:

Hand Weapons
 a - a +1 broad axe of electrocution {god gift}
 c - a +0 long sword
 x - the +9 battleaxe "Inobroor" (weapon) {drain, SInv}
   (You found it on level 1 of the Lair of Beasts)

   A truly terrible weapon, it drains the life of any living foe it strikes.
   SInv:      It lets you see invisible.
 E - the +8 Wrath of Trog {god gift, antimagic, *Rage Rampage}
   (Okawaru gifted it to you in an ice cave)

   It reduces the magical energy of the wielder, and disrupts the spells and
   magical abilities of those it strikes.
   Natural abilities and divine invocations are not affected.
   It causes slowness and exhaustion when equipped.
   It extends the wielder's berserk rage when killing foes.
   *Rage:     It berserks you when you make melee attacks (+50% chance).
   Rampage:   It bestows one free step when moving towards enemies.
 K - the +7 great mace "Firestarter" {inner flame, rF++}
   (You found it on level 1 of the Spider Nest)

   It burns those it strikes, dealing additional fire damage.
   It fills those it strikes with an explosive inner flame.
   It grants immunity to clouds of flame.
   rF:        It greatly protects you from fire.
 X - the +5 battleaxe "Boxurch" {god gift, flame, rC+++}
   (Okawaru gifted it to you on level 4 of the Spider Nest)

   It burns those it strikes, dealing additional fire damage.
   Big, fiery blades are also staple armaments of hydra-hunters.
   rC:        It renders you almost immune to cold.
Missiles
 m - 12 boomerangs (quivered)
 r - 36 poisoned darts
 G - 7 curare-tipped darts
 H - 5 silver javelins {god gift}
 R - 7 javelins {god gift}
Armour
 d - a +2 pair of gloves (worn)
 e - a +0 kite shield
 s - the +0 cloak "Xasesueleusk" (worn) {god gift, rC+ Str+7 Dex-4}
   (Okawaru gifted it to you on level 1 of the Orcish Mines)

   Str:       It affects your strength (+7).
   Dex:       It affects your dexterity (-4).
   rC:        It protects you from cold.
 t - a +2 buckler
 v - a +2 plate armour of poison resistance (worn)
 F - a +2 helmet (worn)
 S - a +1 tower shield of cold resistance
 T - +2 fire dragon scales
 V - a +2 tower shield of fire resistance {god gift}
 Z - a scarf of resistance
Jewellery
 f - a +4 ring of protection
 h - an amulet of the acrobat (around neck)
 k - a ring of protection from cold
 u - a +6 ring of dexterity (right hand)
 y - a ring of fire
 N - a ring of poison resistance
 U - a +4 ring of evasion (left hand)
Wands
 l - a wand of digging (16)
 o - a wand of polymorph (7)
 z - a wand of iceblast (15)
Scrolls
 g - 4 scrolls of immolation {!r}
 n - 2 scrolls of magic mapping
 p - 7 scrolls of vulnerability {!r}
 q - 3 scrolls of blinking {unknown}
 w - 2 scrolls of torment {unknown}
 A - 4 scrolls of teleportation
 C - 2 scrolls of summoning {unknown}
 J - a scroll of fear
 L - a scroll of enchant armour
 O - a scroll of amnesia {unknown}
Potions
 b - a potion of cancellation
 i - a potion of resistance {unknown}
 B - a potion of flight {unknown}
 D - 3 potions of ambrosia
 I - a potion of haste
 M - 2 potions of lignification {!q}
 P - 4 potions of mutation {!q}
 Q - a potion of brilliance
 W - 3 potions of might
 Y - a potion of curing {@q1}


   Skills:
 + Level 13.1(18.1) Fighting
 * Level 17.6(22.6) Axes
 - Level 9.0(14.0) Throwing
 - Level 10.2(15.2) Armour
 - Level 8.4(13.4) Dodging
 + Level 6.4(11.4) Shields
 - Level 10.0 Invocations


You had 12 spell levels left.
You knew the following spells:

 Your Spells              Type           Power      Damage    Failure   Level
a - Lesser Beckoning      Tloc           0%         N/A       100%        3

Your spell library contained the following spells:

 Spells                   Type           Power      Damage    Failure   Level
 Gell's Gravitas          Tloc           0%         N/A       100%        3
 Ozocubu's Armour         Ice            0%         N/A       100%        3
 Teleport Other           Tloc           0%         N/A       100%        3
 Freezing Cloud           Conj/Ice/Air   0%         6-21      100%        5
 Ozocubu's Refrigeration  Ice            0%         4d5       100%        7
 Polar Vortex             Ice            0%         N/A       100%        9
 Simulacrum               Ice/Necr       Unusable   N/A       N/A         6

Dungeon Overview and Level Annotations

Branches:
Dungeon (12/15)            Temple (1/1) D:5            Lair (4/6) D:11
  Swamp (0/4) Lair:4       Spider (4/4) Lair:3          Orc (2/2) D:11
    Elf (0/3) Orc:2         Sewer (visited)           IceCv (visited)

Altars:
Ashenzari
Cheibriados
Dithmenos
Elyvilon
Fedhas
Hepliaklqana
Kikubaaqudgha
Okawaru
Qazlal
Ru
Sif Muna
Trog
Vehumet
Wu Jian
Xom
Yredelemnul
Zin
The Shining One
Beogh

Shops:
D:5 =   Orc:2 *(!:(

Annotations:
D:5 2 transporters, Prince Ribbit
D:6 Maggie
D:12 Josephine
Spider:3 Bai Suzhen


Innate Abilities, Weirdness & Mutations

Your body sometimes deteriorates upon taking damage.
Your natural rate of healing is unusually fast.
You are robust. (+10% HP)


Message History

The culicivora looks frightened!
The culicivora hisses angrily.
The torpor snail looks frightened!
A wolf spider comes into view.
The wolf spider hisses angrily.
You feel yourself speed up.
You slash the wolf spider! You drain the wolf spider.
The wolf spider is moderately wounded.
The wolf spider hits you but does no damage.
The wolf spider barely misses you.
You slice the wolf spider!! You drain the wolf spider.
The wolf spider is almost dead.
The wolf spider barely misses you. x2
You slash the wolf spider!
You kill the wolf spider!
Okawaru accepts your kill.
You start resting.
A spark wasp is nearby!
Unknown command.
You barely miss the spark wasp. The spark wasp stings you!
The spark wasp shocks you!
* * * LOW HITPOINT WARNING * * *
Unknown command.
You can now deal lightning-fast blows.
The spark wasp stings you.
* * * LOW HITPOINT WARNING * * *
The spark wasp shocks you!
* * * LOW HITPOINT WARNING * * *
The spark wasp stings you.
* * * LOW HITPOINT WARNING * * *
The spark wasp shocks you!
* * * LOW HITPOINT WARNING * * *
Okay, then.
You feel much better.
The spark wasp stings you but does no damage.
You feel yourself speed up. The spark wasp barely misses you.
The spark wasp stings you!
* * * LOW HITPOINT WARNING * * *
The spark wasp shocks you!
You die...

##...#.#...<...##
#.............##
##....#.......##
#......w.......#
#.............##
#....#####.^###
#.#..## ##...#
##....###...##
##...@#.....# ..
##.y##....^# ...
##.......## #...#
#........##^...#
##^.............
###..........#.
#.........#..
##...##.....# ..
##.......... ..


You could see a spark wasp.

Vanquished Creatures
  Arachne (Spider:3)
  An orc warlord (Orc:1)
  Aizul (Spider:1)
  6 emperor scorpions (Spider:4)
  5 ghost moths
  A reaper (IceCv)
  3 spark wasps
  6 entropy weavers
  6 hydras
  A boulder beetle (Spider:2)
  3 ogre magi (Orc:2)
  2 radroaches (Spider:4)
  A centaur warrior (D:10)
  Erica (D:9)
  5 two-headed ogres (D:11)
  6 death yaks
  Amaemon (D:9)
  A sun moth (Spider:3)
  Lodul (D:11)
  7 pharaoh ants
  9 orb spiders
  4 steelbarb worms
  A wizard (D:11)
  10 orc sorcerers
  10 wolf spiders
  2 ugly things
  A cyclops (D:11)
  3 moths of wrath
  An ice statue (IceCv)
  2 torpor snails (Spider:1)
  A black mamba (Lair:2)
  5 cane toads
  An orange demon (D:9)
  4 kobold demonologists
  7 demonic crawlers
  6 komodo dragons
  3 tengu conjurers
  An ice devil (IceCv)
  6 trolls
  18 tarantellas
  3 blink frogs (Lair:1)
  24 jumping spiders
  A shadow (D:10)
  22 culicivoras
  24 yaks
  3 wyverns
  2 wraiths
  2 basilisks
  A steam dragon (D:9)
  44 redbacks
  A harpy simulacrum (IceCv)
  9 water moccasins
  2 acid dragons
  Pargi (Sewer)
  3 black bears
  An ice beast (D:5)
  17 orc warriors
  2 sky beasts
  10 ogres
  5 wolves (Lair:4)
  5 centaurs
  A kobold brigand (D:9)
  7 bullfrogs
  5 two-headed ogre simulacra (IceCv)
  2 necrophages
  3 scorpions (D:11)
  A gnoll sergeant (D:8)
  9 killer bees
  3 elephant simulacra (IceCv)
  A howler monkey (D:6)
  A lava snake (D:10)
  A jelly (D:5)
  2 hounds
  12 orc priests
  10 iguanas
  Natasha (D:3)
  35 orc wizards
  4 spriggan simulacra (IceCv)
  5 troll simulacra (IceCv)
  3 polar bear simulacra (IceCv)
  6 wolf simulacra (IceCv)
  5 gnolls (D:8)
  6 adders
  8 naga simulacra (IceCv)
  A shadow imp (D:6)
  5 white imps
  7 ufetubi
  A worm (D:4)
  58 orcs
  3 endoplasms
  4 giant cockroaches
  A goblin (D:4)
  5 hobgoblins
  5 kobolds
  9 ball pythons
  2 frilled lizards
  3 rats
571 creatures vanquished.

Vanquished Creatures (others)
  A jumping spider (Spider:1)
  23 fungi
  29 plants
53 creatures vanquished.

Grand Total: 624 creatures vanquished

Notes
Turn   | Place    | Note
-------+----------+-------------------------------------------
     0 | D:1      | Leszczynek the Human Gladiator began the quest for the Orb.
     0 | D:1      | Reached XP level 1. HP: 16/16 MP: 1/1
   153 | D:1      | Reached XP level 2. HP: 20/22 MP: 2/2
   170 | D:2      | Reached XP level 3. HP: 15/28 MP: 3/3
   221 | D:2      | Gained mutation: You have a beak for a mouth. [potion of
                  | mutation]
   221 | D:2      | Gained mutation: Your body sometimes deteriorates upon
                  | taking damage. [potion of mutation]
   221 | D:2      | Gained mutation: You tend to lose your temper in combat.
                  | [potion of mutation]
   221 | D:2      | Gained mutation: You are strong-willed. (Will+) [potion of
                  | mutation]
   223 | D:2      | HP: 5/28 [ball python (2)]
   676 | D:3      | Found an ornate altar of the Wu Jian Council.
   693 | D:3      | Found a glowing drain.
   714 | Sewer    | Entered a sewer
   752 | Sewer    | Noticed Pargi
   767 | Sewer    | Killed Pargi
   768 | Sewer    | Reached skill level 3 in Fighting
   768 | Sewer    | Reached skill level 4 in Axes
   768 | Sewer    | Reached XP level 4. HP: 18/35 MP: 4/4
   768 | Sewer    | Reached XP level 5. HP: 21/41 MP: 5/5
   813 | D:3      | Noticed Natasha
   820 | D:3      | Killed Natasha
   915 | D:4      | Noticed a sky beast
   944 | D:4      | Killed a sky beast
   945 | D:4      | Reached skill level 3 in Throwing
   945 | D:4      | Reached XP level 6. HP: 31/48 MP: 6/6
  1063 | D:4      | Reached skill level 4 in Fighting
  1098 | D:5      | Entered Level 5 of the Dungeon
  1130 | D:5      | Found Ypneock's Jewellery Boutique.
  1133 | D:5      | Noticed an ogre
  1148 | D:5      | Killed an ogre
  1149 | D:5      | Reached skill level 4 in Dodging
  1149 | D:5      | Reached XP level 7. HP: 51/54 MP: 7/7
  1158 | D:5      | HP: 9/54 [iguana (9)]
  1196 | D:5      | Found a transporter.
  1209 | D:5      | HP: 9/55 [centaur/arrow (7)]
  1225 | D:5      | Reached skill level 5 in Axes
  1300 | D:5      | Noticed Prince Ribbit
  1447 | D:5      | Found a glowing silver altar of Zin.
  1492 | D:5      | Found a hazy altar of Hepliaklqana.
  1539 | D:5      | Reached skill level 5 in Fighting
  1568 | D:5      | Reached XP level 8. HP: 43/62 MP: 8/8
  1702 | D:5      | Reached skill level 4 in Throwing
  1718 | D:5      | Reached skill level 6 in Axes
  1721 | D:5      | Found a staircase to the Ecumenical Temple.
  1727 | Temple   | Entered the Ecumenical Temple
  1788 | Temple   | Became a worshipper of Warmaster Okawaru
  1926 | D:6      | Noticed Maggie
  1962 | D:5      | Found a transporter.
  2033 | D:6      | HP: 11/64 [water moccasin (4)]
  2035 | D:6      | Reached * piety under Okawaru
  2036 | D:6      | Reached skill level 6 in Fighting
  2036 | D:6      | Reached skill level 5 in Dodging
  2037 | D:6      | HP: 5/64 [poisoned by a water moccasin]
  2042 | D:6      | HP: 3/64 [poisoned by a water moccasin]
  2153 | D:6      | HP: 10/64 [orc/+0 club (5)]
  2334 | D:5      | Reached XP level 9. HP: 33/70 MP: 9/9
  2356 | D:5      | oh, i lost my *
  2356 | D:5      | because of killing monsters
  2356 | D:5      | i see
  2356 | D:5      | makes sense
  2707 | D:8      | Reached skill level 7 in Axes
  2846 | D:8      | Found an ancient bone altar of Kikubaaqudgha.
  2875 | D:8      | Reached skill level 5 in Throwing
  2875 | D:8      | Reached skill level 1 in Shields
  2880 | D:8      | Reached skill level 2 in Shields
  2895 | D:8      | Reached skill level 7 in Fighting
  2922 | D:8      | Reached skill level 3 in Shields
  2926 | D:8      | Reached skill level 1 in Invocations
  3087 | D:8      | Reached skill level 4 in Shields
  3087 | D:8      | Reached skill level 2 in Invocations
  3172 | D:9      | Noticed Erica
  3191 | D:9      | Found a stormy altar of Qazlal.
  3239 | D:9      | Noticed a tengu conjurer
  3254 | D:9      | Killed a tengu conjurer
  3254 | D:9      | Reached ** piety under Okawaru
  3255 | D:9      | Reached XP level 10. HP: 47/79 MP: 8/11
  3356 | D:9      | Reached skill level 3 in Invocations
  3391 | D:9      | Noticed an orange demon
  3391 | D:9      | Noticed Amaemon
  3699 | D:9      | Reached skill level 8 in Axes
  3777 | D:10     | Entered Level 10 of the Dungeon
  3886 | D:10     | Noticed a kobold demonologist
  3887 | D:10     | Noticed a smoke demon
  3895 | D:10     | Noticed a rust devil
  3901 | D:10     | Killed a kobold demonologist
  3902 | D:10     | Reached skill level 4 in Invocations
  4011 | D:10     | Noticed a centaur warrior
  4034 | D:10     | Killed a centaur warrior
  4034 | D:10     | Reached *** piety under Okawaru
  4035 | D:10     | Reached skill level 8 in Fighting
  4035 | D:10     | Reached skill level 6 in Throwing
  4035 | D:10     | Reached skill level 6 in Dodging
  4035 | D:10     | Reached skill level 5 in Shields
  4269 | D:10     | Reached skill level 5 in Invocations
  4281 | D:10     | Reached XP level 11. HP: 76/87 MP: 11/14
  4413 | D:10     | Reached **** piety under Okawaru
  4650 | D:10     | Reached skill level 9 in Axes
  4713 | D:11     | Noticed a two-headed ogre
  4725 | D:11     | Reached skill level 6 in Invocations
  4730 | D:11     | Noticed a two-headed ogre
  4741 | D:11     | Killed a two-headed ogre
  4742 | D:11     | Reached skill level 9 in Fighting
  4749 | D:11     | Killed a two-headed ogre
  4767 | D:11     | Noticed a white ugly thing
  4813 | D:10     | Reached ***** piety under Okawaru
  5073 | D:11     | Received a gift from Okawaru
  5075 | D:11     | Noticed a cyclops
  5088 | D:11     | Noticed a wizard
  5105 | D:11     | Killed a cyclops
  5114 | D:11     | Killed a wizard
  5115 | D:11     | Reached skill level 7 in Invocations
  5243 | D:11     | Found a staircase to the Lair.
  5317 | D:12     | Noticed a white ugly thing
  5318 | D:12     | Noticed Josephine
  5362 | D:11     | Reached skill level 7 in Throwing
  5399 | D:11     | Found a staircase to the Orcish Mines.
  5401 | D:11     | Identified the +0 robe of the Eight Realms {*Corrode Will+
                  | Slay+2}
  5401 | D:11     | Noticed Lodul
  5431 | D:11     | Noticed a two-headed ogre
  5433 | D:11     | Killed Lodul
  5434 | D:11     | Reached skill level 7 in Dodging
  5434 | D:11     | Reached XP level 12. HP: 63/97 MP: 9/17
  5439 | D:11     | Killed a two-headed ogre
  5440 | D:11     | Reached skill level 10 in Axes
  5453 | D:11     | Noticed a two-headed ogre
  5462 | D:11     | Killed a two-headed ogre
  5463 | D:11     | Reached skill level 10 in Fighting
  5469 | D:11     | Noticed a two-headed ogre
  5475 | D:11     | Killed a two-headed ogre
  5475 | D:11     | Received a gift from Okawaru
  5623 | D:11     | Received a gift from Okawaru
  5632 | Orc:1    | Entered Level 1 of the Orcish Mines
  5754 | Orc:2    | Entered Level 2 of the Orcish Mines
  5808 | Orc:2    | Noticed an orc warlord
  5929 | Orc:1    | Received a gift from Okawaru
  5958 | Orc:2    | hmmmm?
  5958 | Orc:2    | >wielding a bardiche
  6209 | Orc:1    | Killed an orc warlord
  6274 | Orc:1    | Reached skill level 11 in Axes
  6291 | Orc:1    | Identified the +0 cloak "Xasesueleusk" {god gift, rC+ Str+7
                  | Dex-4} (Okawaru gifted it to you on level 1 of the Orcish
                  | Mines)
  6291 | Orc:1    | Received a gift from Okawaru
  6323 | Orc:2    | Reached skill level 8 in Throwing
  6389 | Orc:2    | Found a staircase to the Elven Halls.
  6406 | Orc:2    | Noticed an ogre mage
  6416 | Orc:2    | Killed an ogre mage
  6417 | Orc:2    | Reached skill level 11 in Fighting
  6417 | Orc:2    | Reached skill level 8 in Dodging
  6458 | Orc:2    | Reached XP level 13. HP: 106/106 MP: 12/18
  6475 | Orc:2    | Found Xaphoa's Distillery.
  6495 | Orc:2    | Found a radiant altar of Vehumet.
  6495 | Orc:2    | Noticed an ogre mage
  6499 | Orc:2    | Killed an ogre mage
  6512 | Orc:2    | Noticed an ogre mage
  6622 | Orc:2    | Killed an ogre mage
  6706 | Orc:2    | Found an ancient bone altar of Kikubaaqudgha.
  6712 | Orc:2    | Found Keim's Book Shoppe.
  6738 | Orc:2    | Found Jikk's Antique Weapon Emporium.
  6786 | Orc:2    | Found Hikaodiu's Antique Weapon Emporium.
  6813 | Orc:2    | Bought a potion of haste for 150 gold pieces
  6813 | Orc:2    | Bought a potion of mutation for 120 gold pieces
  6813 | Orc:2    | Bought 2 potions of heal wounds for 150 gold pieces
  6813 | Orc:2    | Bought a potion of invisibility for 120 gold pieces
  6813 | Orc:2    | Bought a potion of lignification for 45 gold pieces
  6813 | Orc:2    | Bought a potion of lignification for 45 gold pieces
  6831 | Orc:2    | Bought a broad axe for 104 gold pieces
  6918 | Orc:2    | Found Jesaic's Assorted Antiques.
  6922 | Orc:2    | Bought a scroll labelled ZONWAT TIQOITY for 32 gold pieces
  7051 | Orc:2    | HP: 9/107 [orc knight/+0 bardiche (17)]
  7083 | Orc:2    | Lost mutation: You tend to lose your temper in combat.
                  | [potion of mutation]
  7083 | Orc:2    | Lost mutation: You have a beak for a mouth. [potion of
                  | mutation]
  7083 | Orc:2    | Lost mutation: You are strong-willed. (Will+) [potion of
                  | mutation]
  7083 | Orc:2    | Gained mutation: Your natural rate of healing is unusually
                  | fast. [potion of mutation]
  7083 | Orc:2    | Gained mutation: You are clumsy. (Dex -2) [potion of
                  | mutation]
  7083 | Orc:2    | Lost mutation: You are clumsy. (Dex -2) [potion of
                  | mutation]
  7083 | Orc:2    | Gained mutation: You are robust. (+10% HP) [potion of
                  | mutation]
  7147 | Lair:1   | Entered Level 1 of the Lair of Beasts
  7164 | Lair:1   | Reached skill level 1 in Armour
  7172 | Lair:1   | Reached skill level 2 in Armour
  7221 | Lair:1   | Noticed a six-headed hydra
  7236 | Lair:1   | Killed a six-headed hydra
  7237 | Lair:1   | Reached skill level 3 in Armour
  7249 | Lair:1   | Identified the +9 battleaxe "Inobroor" {drain, SInv}
  7265 | Lair:1   | Noticed a five-headed hydra
  7274 | Lair:1   | Killed a five-headed hydra
  7275 | Lair:1   | Reached skill level 4 in Armour
  7379 | Lair:1   | Reached skill level 5 in Armour
  7390 | Lair:1   | Noticed an eight-headed hydra
  7394 | Lair:1   | Reached skill level 6 in Armour
  7401 | Lair:1   | Killed an eight-headed hydra
  7401 | Lair:1   | Received a gift from Okawaru
  7540 | Lair:2   | Received a gift from Okawaru
  7549 | Lair:2   | Reached skill level 7 in Armour
  7576 | Lair:2   | Noticed a six-headed hydra
  7719 | Lair:2   | Reached skill level 8 in Armour
  7730 | Lair:2   | Reached XP level 14. HP: 125/125 MP: 19/19
  7785 | Lair:2   | Found a frozen archway.
  7809 | IceCv    | Entered an ice cave
  8179 | IceCv    | Noticed a reaper
  8184 | IceCv    | Reached skill level 9 in Armour
  8202 | IceCv    | Killed a reaper
  8202 | IceCv    | Received a gift from Okawaru
  8202 | IceCv    | Found the +8 Wrath of Trog {god gift, antimagic, *Rage
                  | Rampage}
  8376 | Lair:3   | Reached skill level 12 in Axes
  8386 | Lair:3   | Reached skill level 8 in Invocations
  8539 | Lair:4   | Found a staircase to the Swamp.
  8960 | D:9      | Killed Erica
  8971 | D:9      | Killed Amaemon
  8972 | D:9      | Reached skill level 9 in Throwing
  8981 | D:9      | Reached skill level 12 in Fighting
  9145 | D:5      | Bought a +4 ring of evasion for 396 gold pieces
  9442 | Lair:2   | Received a gift from Okawaru
  9575 | Lair:3   | Found a hole to the Spider Nest.
  9634 | Spider:1 | Entered Level 1 of the Spider Nest
  9635 | Spider:1 | Noticed an entropy weaver
  9643 | Spider:1 | Killed an entropy weaver
  9644 | Spider:1 | Reached skill level 10 in Armour
  9661 | Spider:1 | Noticed an entropy weaver
  9680 | Spider:1 | Killed an entropy weaver
  9790 | Spider:1 | Noticed a ghost moth
  9798 | Spider:1 | Reached skill level 13 in Axes
  9806 | Spider:1 | Killed a ghost moth
  9830 | Spider:1 | Reached skill level 9 in Invocations
  9835 | Spider:1 | Noticed a spark wasp
  9847 | Spider:1 | Killed a spark wasp
  9850 | Spider:1 | Noticed a spark wasp
  9852 | Spider:1 | Noticed an entropy weaver
  9855 | Spider:1 | Noticed Aizul
  9857 | Spider:1 | HP: 23/127 [barbs]
  9865 | Spider:1 | Reached XP level 15. HP: 45/134 MP: 1/21
  9876 | Spider:1 | Found the +7 great mace "Firestarter" {inner flame, rF++}
  9888 | Spider:1 | HP: 23/134 [entropy weaver (11)]
  9891 | Spider:1 | HP: 10/134 [entropy weaver (7)]
 10178 | Spider:2 | Received a gift from Okawaru
 10215 | Spider:2 | Reached skill level 14 in Axes
 10306 | Spider:2 | Reached skill level 10 in Invocations
 10351 | Spider:2 | Noticed a ghost moth
 10365 | Spider:2 | Killed a ghost moth
 10412 | Spider:2 | Received a gift from Okawaru
 10467 | Spider:3 | Noticed Bai Suzhen
 10483 | Spider:1 | Learned a level 3 spell: Lesser Beckoning
 10553 | Spider:1 | Reached skill level 15 in Axes
 10607 | Spider:1 | Killed Aizul
 10730 | Spider:3 | Noticed Arachne
 10816 | Spider:3 | Killed Arachne
 10856 | Spider:3 | Reached skill level 16 in Axes
 11003 | Spider:4 | Entered Level 4 of the Spider Nest
 11011 | Spider:4 | Received a gift from Okawaru
 11025 | Spider:4 | Reached XP level 16. HP: 141/141 MP: 23/23
 11241 | Spider:4 | Noticed an emperor scorpion
 11256 | Spider:4 | Killed an emperor scorpion
 11260 | Spider:4 | Noticed an emperor scorpion
 11270 | Spider:4 | Killed an emperor scorpion
 11312 | Spider:4 | Reached skill level 17 in Axes
 11516 | Spider:4 | Noticed an emperor scorpion
 11516 | Spider:4 | Noticed an emperor scorpion
 11518 | Spider:4 | Noticed an emperor scorpion
 11518 | Spider:4 | Noticed an emperor scorpion
 11534 | Spider:4 | Killed an emperor scorpion
 11535 | Spider:4 | Killed an emperor scorpion
 11536 | Spider:4 | Reached skill level 13 in Fighting
 11536 | Spider:4 | Reached skill level 6 in Shields
 11536 | Spider:4 | Killed an emperor scorpion
 11536 | Spider:4 | Identified the +5 battleaxe "Boxurch" {god gift, flame,
                  | rC+++} (Okawaru gifted it to you on level 4 of the Spider
                  | Nest)
 11536 | Spider:4 | Received a gift from Okawaru
 11544 | Spider:4 | Killed an emperor scorpion
 11641 | Spider:4 | Got a gossamer rune of Zot
 11833 | Spider:1 | HP: 20/143 [spark wasp (13)]
 11833 | Spider:1 | HP: 2/143 [spark wasp (12)]
 11835 | Spider:1 | Slain by a spark wasp

Illustrated notes

.#.#.#.....# .# .. #
#)# ...........# .. ...
#. #.# .#.#.#.....#
##.##.### #.. #.#
...........# .......
.... #.#
.#.#.#.....####.....
.....#o#
.......#####.....#.#
#.....o. ..##.###
###.#...#.## ##...##.
.## .# #..........#
...... #. .. .#
.#....@#..#########....
#.......y..).....#
#....
###...####.#####.#
#.... #.'... .....
+.... #.#.. ####..#
#.... # ##' .... .....
# . ...## ##.... # ..
...# # ...#


Turn 2356 on D:5: oh, i lost my * ...... .# . ...#. .. # o. o#.. #. .. .oo ...
#. .. o.#. ..##.#.## .#...#......$# oo.........# #....@# #.#...## ..o...# .#...#
#..T. .... ^.. #.# Turn 5958 on Orc:2: hmmmm?

Levels and vault maps discovered:
D:1:      saegor_arrival_simple_a, layout_basic,
          hellmonk_ecumenical_altar_crossroads, minmay_tromino_i4
D:2:      layout_rooms, basic_altar, kennysheep_small_spiral,
          minmay_shallow_snake_nest, uniq_crazy_yiuf_cottage
D:3:      layout_basic, lemuel_doored_altar, gup_sewer_entry_glass,
          minivault_24, chequers_avenue, uniq_natasha
D:4:      layout_rooms, dk_noncrumbling_4
D:5:      gammafunk_steamed_eel, layout_basic, demons_altar,
          mainiacjoe_overflow_swirl, minmay_temple_entry_nine_rooms,
          serial_shops, nicolae_shop_waterfront, serial_glass, glass_columns_a,
          glass_columns_b, uniq_prince_ribbit1
D:6:      layout_cave_pools, uniq_maggie
D:7:      layout_loops_cross, minivault_24, kennysheep_generic_room_6
D:8:      layout_loops_cross, mainiacjoe_overflow_surrounded_room
D:9:      layout_irregular_city, nicolae_qazlal_style_of_elements, uniq_erica,
          uniq_amaemon, uniq_joseph
D:10:     layout_gridville, serial_park_tiny_2, kennysheep_big_empty_room,
          lightli_fourway_metalbox
D:11:     layout_layer_cave, grunt_lair_entry_orc_guard_hut,
          minmay_orc_entry_temple_small, uniq_lodul
D:12:     layout_loops_ring, st_stairs_14, minivault_12, uniq_josephine
Temple:   regret_index_temple_sphere_string
Lair:1:   layout_misc_corridors
Lair:2:   beast_lair_carwin_large_4, layout_chaotic_city,
          portal_ice_cave_entry_pillars_2
Lair:3:   layout_regular_city, nicolae_spider_entry_tight_spaces, serial_forest,
          infiniplex_forest_lined_room_3, infiniplex_forest_straight_2,
          infiniplex_forest_end_2, infiniplex_forest_lined_room_2,
          infiniplex_forest_clump_medium, infiniplex_forest_clump_small,
          infiniplex_forest_lined_room_2, infiniplex_forest_pool,
          serial_bayou_shore_a
Lair:4:   layout_roguey, minmay_swamp_entry_reptiles, minmay_holes,
          lemuel_fruit_tree
Spider:1: layout_spider_delve, guppyfry_spider_mini_1, uniq_aizul
Spider:2: layout_spider_delve, nicolae_spider_nook
Spider:3: layout_spider_delve, nicolae_spider_rock_and_or_roll, uniq_arachne,
          uniq_bai_suzhen
Spider:4: grunt_spider_rune_circles
Orc:1:    layout_caves
Orc:2:    kennysheep_orc_mage_school, layout_caves, serial_shops,
          nicolae_shop_advertising_works [nicolae_subvault_shop_adworks],
          shop_statue

Skill      XL: |  1  2  3  4  5  6  7  8  9 10 11 12 13 14 15 16 |
---------------+-------------------------------------------------+-----
Fighting       | 3 4 5 6 7 8 9 11 12 13 | 13.1
Axes           | 4 5 6 7 8 9 11 13 16 17 | 17.6
Throwing       | 3 4 5 6 7 8 9 |  9.0
Dodging        | 4 5 6 7 8 |  8.4
Shields        | 4 5 6 |  6.4
Invocations    | 2 5 7 9 10 | 10.0
Armour         | 8 10 | 10.2

Action                   |  1- 3 |  4- 6 |  7- 9 | 10-12 | 13-15 | 16-18 || total
-------------------------+-------+-------+-------+-------+-------+-------++-------
Melee: War axe           |    59 |    23 |   198 |   399 |    33 |       ||   712
       Peck              |     6 |     1 |    44 |   120 |    15 |       ||   186
       Unarmed           |       |     6 |       |       |       |       ||     6
       Punch             |       |       |     7 |       |     1 |     1 ||     9
       Long sword        |       |       |       |     1 |       |       ||     1
       Broad axe         |       |       |       |       |   513 |    57 ||   570
       Flail             |       |       |       |       |    31 |       ||    31
       Battleaxe         |       |       |       |       |   308 |   125 ||   433
Throw: Throwing net      |     6 |       |       |       |       |       ||     6
       Javelin           |     1 |     2 |       |    20 |    26 |     4 ||    53
       Dart              |       |     7 |    51 |    10 |    22 |    10 ||   100
       Boomerang         |       |       |     3 |   167 |   151 |    15 ||   336
Invok: Heroism           |       |       |     6 |    26 |    26 |     5 ||    63
       Finesse           |       |       |       |     5 |    10 |     4 ||    19
Evoke: Wand              |       |       |     1 |    12 |       |       ||    13
  Use: Potion            |     2 |       |     9 |     3 |     5 |     2 ||    21
       Scroll            |       |       |     6 |     5 |     5 |     2 ||    18
 Stab: Held in net/web   |     1 |       |       |       |       |       ||     1
       Sleeping          |       |       |       |     1 |       |       ||     1
       Distracted        |       |       |       |       |     1 |       ||     1
Armor: Leather armour    |    13 |     2 |       |       |       |       ||    15
       Ring mail         |       |    10 |    61 |    10 |       |       ||    81
       Skin              |       |       |    23 |       |       |       ||    23
       Steam dragon scal |       |       |       |    56 |       |       ||    56
       Troll leather arm |       |       |       |    20 |    10 |       ||    30
       Plate armour      |       |       |       |       |   514 |   133 ||   647
Dodge: Dodged            |    35 |    20 |   145 |   298 |   584 |   164 ||  1246
Block: Buckler           |       |       |       |   199 |   226 |       ||   425

Table legend: (Time is in decaauts)
 A = Elapsed time spent in this place.
 B = Non-inter-level travel time spent in this place.
 C = Inter-level travel time spent in this place.
 D = Time resting spent in this place.
 E = Time spent auto-exploring this place.
 F = Levels seen in this place.
 G = Mean time per level.
                   A        B        C        D        E       F      G
               +--------+--------+--------+--------+--------+-----+--------+
         Total |  11809 |  10883 |    926 |    155 |    235 |  25 |  472.4 |
       Dungeon |   6200 |   5472 |    728 |     64 |    235 |  12 |  516.7 |
        Temple |     77 |     62 |     15 |      0 |      0 |   1 |   77.0 |
          Lair |   1487 |   1348 |    139 |      0 |      0 |   4 |  371.8 |
   Spider Nest |   2046 |   2019 |     27 |     91 |      0 |   4 |  511.5 |
  Orcish Mines |   1425 |   1409 |     16 |      0 |      0 |   2 |  712.5 |
         Sewer |    107 |    107 |      0 |      0 |      0 |   1 |  107.0 |
      Ice Cave |    465 |    465 |      0 |      0 |      0 |   1 |  465.0 |
               +--------+--------+--------+--------+--------+-----+--------+

Top non-repeatable levels by time:
    D:10: 1047 daAuts
     D:5: 1018 daAuts
    D:11: 964 daAuts
     D:9: 771 daAuts
   Orc:1: 731 daAuts
   Orc:2: 693 daAuts
     D:8: 689 daAuts
Spider:1: 647 daAuts
  Lair:2: 593 daAuts
Spider:4: 593 daAuts
     D:3: 543 daAuts
   IceCv: 465 daAuts
Spider:2: 450 daAuts
     D:6: 431 daAuts
  Lair:3: 393 daAuts
